 Dungeon Crawl Stone Soup version 0.21.1-1-g345015f (webtiles) character file.

115 shakethe the Chopper (level 4, -2/35 HPs)
             Began as a Demonspawn Gladiator on Feb 27, 2018.
             Killed from afar by an orc wizard (7 damage)
             ... with a magic dart
             ... on level 4 of the Dungeon.
             The game lasted 00:05:24 (3016 turns).

shakethe the Chopper (Demonspawn Gladiator)         Turns: 3016, Time: 00:05:25

Health: -2/35      AC: 10    Str: 15    XL:     4   Next: 68%
Magic:  4/4        EV: 13    Int: 10    God:
Gold:   73         SH:  0    Dex: 14    Spells: 3/3 levels left

rFire    . . .     SeeInvis .   a - +0 war axe
rCold    . . .     Gourm    .   (no shield)
rNeg     . . .     Faith    .   b - +0 leather armour
rPois    .         Spirit   .   c - +0 helmet
rElec    .         Reflect  .   (no cloak)
rCorr    .         Harm     .   (no gloves)
MR       .....                  (no boots)
Stlth    ++........             (no amulet)
HPRegen  0.11/turn              l - ring of stealth {Stlth+}
MPRegen  0.09/turn              (no ring)

@: confused, lethally poisoned (-2 -> -24), sanguine armour, drained
A: powered by death 1, sanguine armour 1
a: no special abilities


You were on level 4 of the Dungeon.
You were hungry.

You visited 1 branch of the dungeon, and saw 4 of its levels.

You collected 73 gold pieces.

Inventory:

Hand Weapons
 a - a +0 war axe (weapon)
Missiles
 d - 3 throwing nets {=f, !d}
 g - 126 stones (quivered)
Armour
 b - a +0 leather armour (worn)
 c - a +0 helmet (worn)
 q - a +2 hat
   (You found it on level 3 of the Dungeon)
 r - a +0 pair of boots
   (You found it on level 3 of the Dungeon)
Jewellery
 l - a ring of stealth (left hand) {Stlth+}
   (You found it on level 2 of the Dungeon)
 u - a +4 ring of evasion {unknown}
   (You found it on level 3 of the Dungeon)
Scrolls
 e - a scroll of blinking {unknown}
 i - a scroll of enchant weapon {unknown}
 k - 3 scrolls of teleportation {unknown}
 m - a scroll of fog {unknown}
 n - a scroll of amnesia {unknown}
 o - 3 scrolls of identify {unknown}
Potions
 h - a potion of flight {unknown}
 j - 3 potions of heal wounds {unknown}
 p - a potion of might {unknown}
 s - a potion of mutation {unknown}
 t - a potion of magic
 v - a potion of curing {unknown}
Comestibles
 f - 8 rations


   Skills:
 + Level 3.1(2.8) Fighting
 * Level 4.2(4.0) Axes
 - Level 1.7(1.5) Throwing
 + Level 3.0(2.8) Dodging


You had 3 spell levels left.
You didn't know any spells.

Dungeon Overview and Level Annotations

Branches:
Dungeon (4/15)
 Temple: D:4-7

Altars:
The Shining One

Annotations:
D:3 Mirai's ghost, amateur GrEE


Innate Abilities, Weirdness & Mutations

You regenerate a little health from kills.
When seriously injured, your bleeding wounds create armour. (AC +6)


Message History

A worker ant comes into view.
You see here a ration.
The worker ant barely misses you.
You closely miss the worker ant. The worker ant bites you.
You take 5 damage, and have 30/35 hp.
You hit the worker ant but do no damage.
The worker ant closely misses you. The worker ant barely misses you.
You hit the worker ant. The worker ant bites you.
You are poisoned.
The worker ant poisons you! The worker ant barely misses you.
You take 2 damage, and have 28/35 hp.
You hit the worker ant.
You feel sick. The worker ant misses you.
You take 2 damage, and have 26/35 hp.
You closely miss the worker ant. The worker ant barely misses you.
The worker ant bites you but does no damage.
You closely miss the worker ant.
You feel sick. The worker ant barely misses you.
You take 1 damage, and have 25/35 hp.
You hit the worker ant.
You feel sick. The worker ant bites you.
Your blood congeals into armour.
The worker ant bites you but does no damage.
You take 2 damage, and have 23/35 hp.
You slash the worker ant!
You feel sick.
The worker ant bites you but does no damage. x2
You hit the worker ant.
You kill the worker ant!
Your base Dodging skill increases to level 3!
Your blood armour dries and flakes away.
You feel sick.
You feel sick.
f - 8 rations (gained 1)
You feel sick.
You take 1 damage, and have 25/35 hp.
You are feeling hungry.
You start resting.
You feel sick. x2
Your blood congeals into armour.
You feel sick.
You are no longer poisoned.
You take 2 damage, and have 23/35 hp.
You start resting.
Your blood armour dries and flakes away.
You start resting.
Health restored: 35
v - a brown potion An orc wizard comes into view.
It is wielding a dagger of venom.
The orc wizard shouts!
You hear a shout! x3; You hear a howl!
An orc comes into view. It is wielding a flail.
You hear a shout!
The orc wizard gestures at you while chanting.
The magic dart hits you!
You hear a howl!
An orc comes into view. It is wielding a mace.
You take 10 damage, and have 25/35 hp.
MASSIVE DAMAGE!!
The orc wizard hits you with a dagger of venom.
You are poisoned.
You barely miss the orc wizard.
You feel sick.
The orc wizard hits you with a dagger of venom.
Your blood congeals into armour.
You are more poisoned.
You take 3 damage, and have 22/35 hp.
You closely miss the orc wizard.
You feel sick.
The orc wizard casts a spell.
The orc wizard flickers and vanishes!
Deactivating autopickup; reactivate with Ctrl-A.
You take 2 damage, and have 20/35 hp.
You miss something.
You feel sick.
You hear some strange, mumbled words.
You are confused.
You take 2 damage, and have 18/35 hp.
You feel sick. The orc hits you with a mace. Something barely misses you.
You take 2 damage, and have 16/35 hp.
You bump into the rock wall.
You feel sick. The orc completely misses you.
Something hits you but does no damage.
You take 1 damage, and have 15/35 hp.
Unknown command.
You feel sick. Something barely misses you.
You take 1 damage, and have 14/35 hp.
You're too confused to move!
You feel sick. The orc hits you but does no damage.
You hear some strange, mumbled words.
You are more confused.
You take 1 damage, and have 13/35 hp.
You feel sick. Something hits you but does no damage.
You are lethally poisoned!
You're too confused to move!
You feel sick. The orc barely misses you.
You take 1 damage, and have 12/35 hp.
You feel sick. The orc barely misses you.
Something hits you but does no damage.
You are more poisoned.
The orc hits you with a mace.
* * * LOW HITPOINT WARNING * * *
You take 5 damage, and have 7/35 hp.
It was a potion of magic.
Magic courses through your body.
* * * LOW HITPOINT WARNING * * *
You feel sick. The orc barely misses you.
You hear some strange, mumbled words.
A magic dart appears from out of thin air!
The magic dart hits you!
You die...

######## ##...<..#
#.......#
##########..###..#
#......##........#
#.#....##....#...#
#.#..........#..o#####.##
#.#....##.......@o.......
#.##.#.##.#####.######.#.
#......##.......#
####.############ #.# #.#
#.# #.# #.#


You could see 2 orcs.

Vanquished Creatures
  A worker ant (D:4)
  2 adders (D:3)
  4 dart slugs
  A leopard gecko (D:2)
  5 giant cockroaches
  7 goblins
  7 hobgoblins
  7 jackals
  3 quokkas
  A ball python (D:3)
  10 bats
  6 frilled lizards
  2 kobolds
  6 rats
62 creatures vanquished.

Notes
Turn   | Place    | Note
-------+----------+-------------------------------------------
     0 | D:1      | shakethe the Demonspawn Gladiator began the quest for the Orb.
     0 | D:1      | Reached XP level 1. HP: 16/16 MP: 1/1
    59 | D:1      | Reached skill level 3 in Axes
   247 | D:1      | Gained mutation: When seriously injured, your bleeding wounds create armour. (AC +6) [demonic ancestry]
   247 | D:1      | Reached XP level 2. HP: 22/22 MP: 2/2
   571 | D:1      | Gained mutation: You regenerate a little health from kills. [demonic ancestry]
   571 | D:1      | Reached XP level 3. HP: 22/28 MP: 3/3
  1482 | D:2      | HP: 7/28 [leopard gecko (3)]
  2084 | D:3      | Reached XP level 4. HP: 26/34 MP: 4/4
  2168 | D:3      | Reached skill level 4 in Axes
  2190 | D:3      | Noticed Mirai's ghost (amateur GrEE)
  2450 | D:3      | Found a glowing golden altar of the Shining One.
  2671 | D:3      | Reached skill level 3 in Fighting
  2854 | D:4      | Reached skill level 3 in Dodging
  3015 | D:4      | HP: 7/35 [orc/mace (4)]
  3016 | D:4      | Killed from afar by an orc wizard

Skill      XL: |  1  2  3  4 |
---------------+-------------+-----
Axes           | 3 4 |  4.2
Fighting       | 3 |  3.1
Dodging        | 3 |  3.0
Throwing       | |  1.7

Action                   |  1- 3 |  4- 6 || total
-------------------------+-------+-------++-------
Melee: War axe           |   166 |    40 ||   206
Throw: Stone             |     1 |       ||     1
  Use: Potion            |       |     1 ||     1
 Stab: Sleeping          |     2 |     1 ||     3
  Eat: Chunk             |     4 |     2 ||     6
Armor: Leather armour    |    72 |    21 ||    93
Dodge: Dodged            |   150 |    37 ||   187

Vault maps used:
D:1:      scummos_arrival_simple_fountains
D:2:      minmay_lizard_pond
D:3:      nicolae_overflow_hidden_temple

Table legend:
 A = Turns spent in this place as a percentage of turns spent in the entire game.
 B = Non-inter-level travel turns spent in this place as a percentage of non-inter-level travel turns spent in the entire game.
 C = Inter-level travel turns spent in this place as a percentage of turns spent in this place.
 D = Turns resting spent in this place as a percentage of non-inter-level travel turns spent in this place.
 E = Turns spent auto-exploring this place as a percentage of non-inter-level travel turns spent in this place.
 F = Non-inter-level travel turns spent in this place divided by the number of levels of this place that you've seen.
                   A       B       C       D       E      F
               +-------+-------+-------+-------+-------+----------------------
         Total | 100.0 | 100.0 |   3.4 |  32.2 |  42.8 | 728.0
       Dungeon | 100.0 | 100.0 |   3.4 |  32.2 |  42.8 | 728.0
               +-------+-------+-------+-------+-------+----------------------

Table legend:
 A = Kills in this place as a percentage of kills in entire the game.
 B = Kills by you in this place as a percentage of kills by you in the entire game.
 C = Kills by friends in this place as a percentage of kills by friends in the entire game.
 D = Other kills in this place as a percentage of other kills in the entire game.
 E = Experience gained in this place as a percentage of experience gained in the entire game.
 F = Experience gained in this place divided by the number of levels of this place that you have seen.
                   A       B       C       D       E      F
               +-------+-------+-------+-------+-------+----------------------
         Total | 100.0 | 100.0 |   N/A |   N/A | 100.0 |  41.2
       Dungeon | 100.0 | 100.0 |   N/A |   N/A | 100.0 |  41.2
               +-------+-------+-------+-------+-------+----------------------
